 Dungeon Crawl Stone Soup version 0.25.1-2-g60ff931df9 (webtiles) character file.

Game seed: 3586856438586653980

17138 Krapule the Protected (level 12, 0/112 HPs)
             Began as a Deep Dwarf Fighter on Sept 14, 2020.
             Was a Priest of Makhleb.
             Slain by a death yak (19 damage)
             ... in a Gauntlet on Sept 26, 2020.
             The game lasted 01:06:10 (9915 turns).

Krapule the Protected (Deep Dwarf Fighter)          Turns: 9915, Time: 01:06:10

Health: 0/112      AC: 21    Str: 26    XL:     12   Next: 16%
Magic:  0/13       EV: 15    Int: 11    God:    Makhleb [***...]
Gold:   277        SH: 13    Dex: 12    Spells: 11/11 levels left

rFire    + . .     SeeInvis +   a - +2 broad axe (vorpal)
rCold    . . .     Gourm    .   c - +1 kite shield
rNeg     . . .     Faith    .   l - +1 ring mail of the Vacuum {rElec rF+ Str+3}
rPois    .         Spirit   +   O - +0 helmet {SInv}
rElec    +         Reflect  .   w - +1 cloak {rCorr}
rCorr    +         Harm     .   J - +0 pair of gloves
MR       +....     NoTele   +   (no boots)
Stlth    +.........             L - amulet of guardian spirit
HPRegen  0.00/turn              D - +4 ring of slaying
MPRegen  0.13/turn              B - ring of Robustness {AC+8}

@: non-regenerating
A: damage resistance, heal wounds, sense surroundings 2, no regeneration
a: Heal Wounds, Minor Destruction, Lesser Servant of Makhleb, Renounce Religion


You were in a Gauntlet.
You worshipped Makhleb.
Makhleb was most pleased with you.
You were very hungry.

You visited 3 branches of the dungeon, and saw 14 of its levels.
You also visited: Ossuary and Gauntlet.

You collected 693 gold pieces.
You spent 416 gold pieces at shops.

Inventory:

Hand Weapons
 a - a +2 vorpal broad axe (weapon)
 b - a +0 scimitar of flaming
Missiles
 y - a boomerang of dispersal (quivered)
Armour
 c - a +1 kite shield (worn)
 l - the +1 ring mail of the Vacuum (worn) {rElec rF+ Str+3}
   (You took it off an orc priest on level 7 of the Dungeon)

   It affects your strength (+3).
   It protects you from fire.
   It insulates you from electricity.
 w - a +1 cloak of preservation (worn)
 J - a +0 pair of gloves (worn)
 O - a +0 helmet of see invisible (worn)
 P - a scarf of repulsion
 T - the cursed +0 hat "Geuweas" {-Cast rC+ MR+ Int+2, unknown}
   (You found it in a Gauntlet)

   It affects your intelligence (+2).
   It protects you from cold.
   It affects your resistance to hostile enchantments.
   It prevents spellcasting.
   It has a curse placed upon it.
Jewellery
 v - a +4 ring of protection
 A - an uncursed ring of ice
 B - the ring of Robustness (right hand) {AC+8}
   (You found it on level 5 of the Dungeon)

   [ring of protection]

   It affects your AC (+8).
 D - a +4 ring of slaying (left hand)
 G - an uncursed amulet of reflection
 L - an amulet of guardian spirit (around neck)
 M - a +4 ring of evasion {unknown}
 Q - an uncursed ring of flight
Wands
 z - a wand of polymorph (5)
 C - a wand of flame (12)
 K - a wand of digging (2)
 N - a wand of iceblast (21)
 S - a wand of paralysis (4)
Scrolls
 e - 2 scrolls of identify
 g - a scroll of vulnerability
 i - 7 scrolls of remove curse
 j - 4 scrolls of fog
 k - 2 scrolls of summoning
 o - 4 scrolls of enchant armour
 p - 2 scrolls of teleportation
 q - 3 scrolls of amnesia
 F - 3 scrolls of enchant weapon
 H - 3 scrolls of immolation
Potions
 d - 3 potions of might
 m - a potion of resistance
 n - 3 potions of brilliance
 r - 2 potions of curing
 s - a potion of haste
 t - a potion of cancellation
 u - 2 potions of flight
 x - a potion of magic
 E - 2 potions of stabbing
 I - a potion of berserk rage
 R - 2 potions of lignification
Comestibles
 f - 23 rations
 h - 8 chunks of flesh


   Skills:
 + Level 8.4 Fighting
 + Level 9.7 Axes
 + Level 10.0 Armour
 + Level 9.3 Dodging
 + Level 10.0 Shields
 + Level 7.4 Invocations
 + Level 2.0 Evocations


You had 11 spell levels left.
You didn't know any spells.
Your spell library contained the following spells:

 Spells                   Type           Power        Failure   Level  Hunger
 Sting                    Tmut/Pois      #...         67%         1    ##.....
 Poisonous Vapours        Pois/Air       #.....       80%         2    ###....
 Ignite Poison            Fire/Tmut/Pois #.......     95%         3    ####...
 Mephitic Cloud           Conj/Pois/Air  #.......     95%         3    ####...
 Olgreb's Toxic Radiance  Pois           #.......     100%        4    #####..


Dungeon Overview and Level Annotations

Branches:
Dungeon (11/15)            Temple (1/1) D:7            Lair (2/6) D:9
 Spider (0/4) Lair:2      Ossuary (visited)         Gauntlet (1/1)
  Swamp: Lair:2-4    Shoals: Lair:2-4       Orc: D:9-12

Altars:
Cheibriados
Dithmenos
Gozag
Hepliaklqana
Kikubaaqudgha
Makhleb
Nemelex Xobeh
Okawaru
Qazlal
Ru
Sif Muna
Trog
Uskayaw
Wu Jian
Xom
Yredelemnul

Shops:
D:7 [   D:10 **?   D:11 (

Annotations:
D:10 1 runed translucent door, exclusion: 4 orange crystal statues
D:11 1 transporter, Fallenstar's ghost, novice MiFi Gauntlet 7 transporters, exclusions: lightning spire and oklob plant


Innate Abilities, Weirdness & Mutations

You are resistant to damage.
You can heal yourself by infusing magical energy.
You passively map the area around you.
You do not regenerate.


Message History

The death yak is severely wounded.
You block the death yak's attack.
You slash the death yak!
The death yak is almost dead.
The death yak gores you!
* * * LOW HITPOINT WARNING * * *
You slash the death yak!
You kill the death yak!
Makhleb accepts your kill.
Your Evocations skill increases to level 2!
You hit the death yak.
The death yak is moderately wounded.
The death yak gores you but does no damage.
You barely miss the death yak.
The death yak is moderately wounded.
You block the death yak's attack. x2
You slash the death yak!
The death yak is heavily wounded.
The death yak gores you!!
You die...

.#.#!#...#.#.#.#)#...#.8
Q#..Q#.8.##h#.#.##.∩.#..
*, *
######...#########...#.©
.....#.8.....#.....8.#..
######...#########...#.©,
,
8#8..#.8.#.......#.∩.#..
* ***
.8...#...#.##.##.#...#, ,
8.8.)#.8.##..#.Y##..##, ,
, .©.8©#©.©#.##©##@#.##
8.8..######..#..##.≈#* ,,
.8...#...#.##.##)#.≈≈#, ,
*
8#8..#.8.#......!#.≈##,,
######...#########.##*
...................≈#*
≈#≈≈≈#≈≈≈#≈≈≈#≈≈≈#≈≈≈*
###≈###≈###≈###≈###≈## *
** *


You could see a death yak.

Vanquished Creatures
  A two-headed ogre (D:9)
  Erica (D:8)
  2 death yaks (Gauntlet)
  A wizard (Gauntlet)
  Joseph (D:7)
  A black mamba (Lair:1)
  A torpor snail (Gauntlet)
  Maggie (D:7)
  A komodo dragon (Lair:1)
  A troll (D:9)
  2 hornets
  Grinder (D:4)
  Prince Ribbit (D:6)
  A hippogriff (Lair:1)
  4 blink frogs (Lair:1)
  A wyvern (D:8)
  21 yaks
  3 basilisks (D:9)
  4 hogs (D:7)
  A human (D:7)
  A hungry ghost (D:7)
  Edmund (D:4)
  2 water moccasins
  6 black bears
  7 porcupines
  3 sky beasts
  2 orc warriors
  6 ice beasts
  2 centaurs
  A boggart (Gauntlet)
  A wolf (D:9)
  5 ogres
  2 crocodiles
  2 big kobolds
  11 bullfrogs
  A wyvern zombie (D:7)
  A water moccasin zombie (D:4)
  3 scorpions
  3 wights (D:8)
  An electric eel (D:8)
  A howler monkey (D:6)
  6 crimson imps
  A bullfrog zombie (D:6)
  2 jellies
  4 orc priests
  A bullfrog skeleton (D:5)
  10 hounds
  Ijyb (D:3)
  An iguana (D:5)
  8 orc wizards
  8 worker ants
  A killer bee zombie (D:10)
  4 big kobold zombies (Ossuary)
  A hound zombie (D:7)
  A mummy (Ossuary)
  A howler monkey zombie (D:6)
  A worker ant zombie (D:7)
  8 adders
  A shadow imp (D:7)
  2 white imps (Gauntlet)
  An ooze (D:3)
  An adder zombie (D:8)
  5 worms
  A dart slug (D:1)
  7 leopard geckos
  25 orcs
  A spectral bat (Ossuary)
  8 giant cockroaches
  4 goblins
  5 hobgoblins
  6 jackals
  9 kobolds
  A quokka (D:4)
  A ball python (D:2)
  7 bats
  2 bat simulacra (Ossuary)
  4 frilled lizards
  8 gnoll zombies (Ossuary)
  A goblin simulacrum (Ossuary)
  10 goblin zombies (Ossuary)
  3 hobgoblin zombies (Ossuary)
  A jackal skeleton (D:6)
  7 kobold simulacra (Ossuary)
  2 kobold zombies (Ossuary)
  3 orc zombies (Ossuary)
  4 rats
  2 rat simulacra (Ossuary)
  3 spectral goblins (Ossuary)
  4 spectral kobolds (Ossuary)
  6 spectral rats (Ossuary)
  A fungus (Lair:2)
  2 plants
319 creatures vanquished.

Vanquished Creatures (others)
  An orc wizard (D:7)
  2 fungi
  7 plants
10 creatures vanquished.

Grand Total: 329 creatures vanquished

Notes
Turn   | Place    | Note
-------+----------+-------------------------------------------
     0 | D:1      | Krapule the Deep Dwarf Fighter began the quest for the Orb.
     0 | D:1      | Reached XP level 1. HP: 20/20 MP: 1/1
   274 | D:1      | Reached XP level 2. HP: 21/27 MP: 2/2
   478 | D:1      | Reached skill level 1 in Dodging
   690 | D:1      | Reached XP level 3. HP: 14/33 MP: 3/3
  1570 | D:3      | Reached XP level 4. HP: 27/42 MP: 4/4
  1814 | D:3      | Reached XP level 5. HP: 29/49 MP: 5/5
  1924 | D:3      | Noticed Ijyb
  1941 | D:3      | Killed Ijyb
  2143 | D:3      | Reached XP level 6. HP: 33/56 MP: 6/6
  2646 | D:4      | Noticed Edmund
  2683 | D:4      | Killed Edmund
  2683 | D:4      | Reached XP level 7. HP: 26/64 MP: 7/7
  2767 | D:4      | Noticed Grinder
  2774 | D:4      | Killed Grinder
  2774 | D:4      | Reached skill level 5 in Armour
  2774 | D:4      | Reached skill level 5 in Shields
  3209 | D:5      | Entered Level 5 of the Dungeon
  3518 | D:5      | Found the ring of Robustness {AC+8}
  3547 | D:5      | Reached skill level 5 in Axes
  3547 | D:5      | Reached XP level 8. HP: 30/73 MP: 8/8
  3836 | D:5      | Found a bloodstained altar of Trog.
  4010 | D:5      | Found an opulent altar of Gozag.
  4177 | D:6      | Reached skill level 5 in Fighting
  4188 | D:6      | Reached skill level 5 in Dodging
  4355 | D:6      | Found a sand-covered staircase.
  4359 | Ossuary  | Entered an ossuary
  5126 | D:6      | Gained mutation: You passively map the area around you.
                  | [Deep Dwarf growth]
  5126 | D:6      | Reached XP level 9. HP: 55/81 MP: 9/9
  5252 | D:6      | Found a shimmering blue altar of Sif Muna.
  5402 | D:7      | Noticed Joseph
  5450 | D:7      | Noticed Prince Ribbit
  5476 | D:6      | Killed Prince Ribbit
  5668 | D:7      | Killed Joseph
  5748 | D:7      | Noticed Maggie
  5767 | D:7      | Killed Maggie
  5806 | D:7      | Found Yninwow's Antique Armour Boutique.
  6048 | D:7      | Reached XP level 10. HP: 30/92 MP: 9/9
  6070 | D:7      | Found a staircase to the Ecumenical Temple.
  6094 | D:7      | Identified a scroll of acquirement
  6094 | D:7      | Acquired a +0 helmet of see invisible
  6110 | Temple   | Entered the Ecumenical Temple
  6130 | Temple   | Became a worshipper of Makhleb the Destroyer
  6179 | D:7      | Identified the +1 ring mail of the Vacuum {rElec rF+ Str+3}
  6270 | D:7      | Found a bloodstained altar of Trog.
  6401 | D:7      | Bought an embroidered scarf for 208 gold pieces
  6441 | D:7      | Reached skill level 1 in Invocations
  6527 | D:7      | Found an ancient bone altar of Kikubaaqudgha.
  6758 | D:8      | Paralysed by a hornet for 3 turns
  7077 | D:8      | Found a shadowy altar of Dithmenos.
  7084 | D:8      | Found a shimmering altar of Xom.
  7118 | D:8      | Noticed Erica
  7131 | D:8      | Killed Erica
  7466 | D:9      | Reached * piety under Makhleb
  7525 | D:9      | Reached XP level 11. HP: 41/100 MP: 0/11
  7545 | D:9      | Found a staircase to the Lair.
  7611 | D:9      | Found an ornate altar of the Wu Jian Council.
  7675 | D:9      | Found a hide-covered altar of Uskayaw.
  7685 | D:9      | Noticed a two-headed ogre
  7687 | D:9      | HP: 4/100 [two-headed ogre/+0 giant club (10)]
  7700 | D:9      | Killed a two-headed ogre
  7917 | D:9      | Found an iron altar of Okawaru.
  7931 | D:10     | Entered Level 10 of the Dungeon
  7958 | D:10     | Found Mopyoheaga's Assorted Antiques.
  8048 | D:7      | Bought a runed scarf for 208 gold pieces
  8139 | D:11     | Found Viumpog's Weapon Shoppe.
  8140 | D:11     | Found a transporter.
  8143 | D:11     | Noticed Fallenstar's ghost (novice MiFi)
  8179 | D:10     | Reached skill level 5 in Invocations
  8205 | D:10     | Found Pigregil's Magic Scroll Shoppe.
  8381 | D:10     | Found Jaareomme's Assorted Antiques.
  8451 | D:10     | Reached ** piety under Makhleb
  8607 | D:10     | Found a runed translucent door.
  8611 | D:10     | Found the +10 tower shield of Ignorance {rN+ Int-4}
  8625 | D:10     | Found a runed translucent door.
  8631 | D:10     | Noticed an orange crystal statue
  8631 | D:10     | Noticed an orange crystal statue
  8631 | D:10     | Noticed an orange crystal statue
  8631 | D:10     | Noticed an orange crystal statue
  8805 | Lair:1   | Entered Level 1 of the Lair of Beasts
  8950 | Lair:1   | HP: 2/103 [komodo dragon (23)]
  9658 | Lair:2   | Reached *** piety under Makhleb
  9666 | Lair:2   | Found a hole to the Spider Nest.
  9766 | Lair:2   | Found a gate leading to a gauntlet.
  9782 | Gauntlet | Entered a Gauntlet
  9782 | Gauntlet | Found a transporter.
  9782 | Gauntlet | Found a transporter.
  9784 | Gauntlet | Found a transporter.
  9784 | Gauntlet | Found a transporter.
  9784 | Gauntlet | Noticed an oklob plant
  9803 | Gauntlet | Found a transporter.
  9813 | Gauntlet | Noticed a wizard
  9815 | Gauntlet | Found a transporter.
  9817 | Gauntlet | Found a transporter.
  9817 | Gauntlet | Found a transporter.
  9817 | Gauntlet | Noticed a tengu warrior
  9837 | Gauntlet | Found a transporter.
  9839 | Gauntlet | Noticed a death yak
  9843 | Gauntlet | Paralysed by a wizard for 2 turns
  9854 | Gauntlet | Killed a wizard
  9854 | Gauntlet | Reached XP level 12. HP: 112/112 MP: 0/13
  9860 | Gauntlet | Noticed a death yak
  9860 | Gauntlet | Noticed a death yak
  9863 | Gauntlet | Found a transporter.
  9874 | Gauntlet | Found a transporter.
  9875 | Gauntlet | Found a transporter.
  9890 | Gauntlet | Got a faintly humming hat
  9898 | Gauntlet | Killed a death yak
  9898 | Gauntlet | Reached skill level 10 in Armour
  9898 | Gauntlet | Reached skill level 1 in Evocations
  9905 | Gauntlet | Reached skill level 10 in Shields
  9912 | Gauntlet | Killed a death yak
  9915 | Gauntlet | Slain by a death yak

Illustrated notes

Levels and vault maps discovered:
D:1:      minmay_arrival_checkered_box, layout_loops_ring
D:2:      layout_loops_ring
D:3:      layout_basic, minmay_misc_feat_plants, uniq_ijyb
D:4:      layout_basic, uniq_edmund, uniq_grinder
D:5:      layout_loops_ring, marbit_many_paths, first_ration, bloody_trog
D:6:      layout_basic, kennysheep_mini, nicolae_ossuary_entry_false_entrances
D:7:      layout_rooms, kiku_gazebo_garden_becter, kennysheep_little_box,
          minmay_temple_entry_grid, serial_shops, nicolae_shop_stone,
          grunt_livestock, uniq_prince_ribbit1, uniq_maggie, uniq_joseph
D:8:      layout_rooms, amethyst_overflow_temple_binary, st_stairs_4,
          nicolae_lava_and_water, uniq_erica
D:9:      layout_roguey, lemuel_coloured_pillars_altar,
          overflow_temple_1_default, minmay_lair_entry_grove, basic_altar
D:10:     layout_roguey, serial_shops, shop, shop, shop,
          chequers_guarded_unrand_ignorance
D:11:     layout_loops_corners, serial_shops, nicolae_shop_statue_plus, shop,
          shop, nicolae_shop_behind_doors, nicolae_shop_overgrown_old_shop,
          gammafunk_ghost_mausoleum, uniq_nergalle
Temple:   eino_temple_water
Lair:1:   layout_loops_ring, serial_bayou_pond_e,
          grunt_forest_small_clearing_treed, infiniplex_staircase_pool_2
Lair:2:   layout_loops_ring, nicolae_spider_entry_non_spiders,
          gauntlet_entry_generic, st_stairs_11, grunt_forest_stairs_basic,
          serial_bayou_lake_a
Gauntlet: minmay_gauntlet_77_indecision [minmay_gauntlet_arena_77_double_cross,
          minmay_gauntlet_arena_77_hold_the_fort,
          minmay_gauntlet_arena_77_terracotta_army,
          minmay_gauntlet_arena_77_two_paths, minmay_gauntlet_arena_77_braids,
          minmay_gauntlet_arena_77_checkered,
          nicolae_gauntlet_exit_dead_adventurers]

Skill      XL: |  1  2  3  4  5  6  7  8  9 10 11 12 |
---------------+-------------------------------------+-----
Dodging        | 1 2 3 4 5 6 8 9 |  9.3
Fighting       | 3 4 5 6 7 8 |  8.4
Axes           | 3 4 5 6 7 8 9 |  9.7
Armour         | 4 5 6 7 8 9 10 | 10.0
Shields        | 4 5 6 7 8 9 10 | 10.0
Invocations    | 4 7 |  7.4
Evocations     | 2 |  2.0

Action                   |  1- 3 |  4- 6 |  7- 9 | 10-12 || total
-------------------------+-------+-------+-------+-------++-------
Melee: War axe           |   181 |   195 |   461 |       ||   837
       Broad axe         |       |       |     2 |   450 ||   452
Throw: Boomerang         |       |       |     2 |       ||     2
 Abil: Heal Wounds       |     1 |       |     3 |    11 ||    15
Evoke: Wand              |       |    16 |     5 |    11 ||    32
  Use: Scroll            |     3 |     1 |     9 |    13 ||    26
       Potion            |       |     1 |     4 |     1 ||     6
 Stab: Paralysed         |       |    23 |     9 |       ||    32
  Eat: Chunk             |     2 |     5 |     7 |    12 ||    26
       Ration            |       |       |     2 |       ||     2
Armor: Scale mail        |    57 |       |       |       ||    57
       Chain mail        |    27 |   101 |   148 |     2 ||   278
       Ring mail         |       |       |       |    99 ||    99
Dodge: Dodged            |    50 |    39 |   105 |   187 ||   381
       Repelled          |       |       |       |     1 ||     1
Block: Kite shield       |   101 |    88 |   208 |   235 ||   632
       Reflection        |       |       |    11 |       ||    11
